 Dungeon Crawl Stone Soup version 0.26.1-11-gd32895ea62 (webtiles) character file.

Game seed: 12082561423374614865

8147 phalm the Destroyer (level 11, 0/81 HPs)
             Began as a Gnoll Conjurer on May 18, 2021.
             Was an Elder of Cheibriados.
             Killed by refrigeration
             ... invoked by Fannar
              (17 damage)
             ... on level 10 of the Dungeon.
             The game lasted 00:24:10 (10900 turns).

phalm the Destroyer (Gnoll Conjurer)               Turns: 10900, Time: 00:24:11

Health: 0/81       AC: 22    Str: 20    XL:     11   Next: 26%
Magic:  3/23       EV: 18    Int: 32    God:    Cheibriados [****..]
Gold:   431        SH:  0    Dex: 22    Spells: 12/26 levels left

rFire    + . .     SeeInvis .   a - +1 scimitar (flame)
rCold    . . .     Faith    .   (no shield)
rNeg     . . .     Spirit   .   n - +3 leather armour {rPois}
rPois    +         Reflect  .   r - +0 helmet
rElec    .         Harm     .   P - +2 cloak {Stlth+}
rCorr    +         Rampage  .   L - +0 pair of gloves
Will     .....                  V - +2 pair of boots {Fly}
Stlth    ++++......             C - amulet of magic regeneration
HPRegen  0.23/turn              F - ring of protection from fire
MPRegen  0.43/turn              R - ring of resist corrosion

@: icy armour, flying, very slow
A: distributed training, fangs 1, strong nose
a: Stop Flying, Renounce Religion, Bend Time, Temporal Distortion, Slouch


You were on level 10 of the Dungeon.
You worshipped Cheibriados.
Cheibriados was greatly pleased with you.
You visited 2 branches of the dungeon, and saw 11 of its levels.

You collected 689 gold pieces.
You spent 258 gold pieces at shops.


Innate Abilities, Weirdness & Mutations

Your experience applies equally to all skills.
You have very sharp teeth.
Your uncanny sense of smell can sniff out nearby items.


   Skills:
 + Level 6.1 Fighting
 + Level 6.1 Short Blades
 + Level 6.1 Long Blades
 + Level 6.1 Axes
 + Level 6.1 Maces & Flails
 + Level 6.1 Polearms
 + Level 6.1 Staves
 + Level 6.1 Slings
 + Level 6.1 Bows
 + Level 6.1 Crossbows
 + Level 6.1 Throwing
 + Level 6.1 Armour
 + Level 7.7 Dodging
 + Level 7.5 Stealth
 + Level 6.1 Shields
 + Level 6.1 Unarmed Combat
 + Level 8.0 Spellcasting
 + Level 8.8 Conjurations
 + Level 5.0 Hexes
 + Level 5.0 Summonings
 + Level 5.0 Necromancy
 + Level 5.0 Translocations
 + Level 5.0 Transmutations
 + Level 5.0 Fire Magic
 + Level 5.0 Ice Magic
 + Level 5.0 Air Magic
 + Level 5.0 Earth Magic
 + Level 5.0 Poison Magic
 + Level 6.7 Invocations
 + Level 6.1 Evocations


You had 12 spell levels left.
You knew the following spells:

 Your Spells              Type           Power        Failure   Level
f - Fulminant Prism       Conj/Hex       27%          2%          4
m - Magic Dart            Conj           100%         1%          1
o - Ozocubu's Armour      Ice            45%          1%          3
s - Searing Ray           Conj           100%         1%          2
X - Iskenderun's Mystic   Conj/Tloc      55%          2%          4

Your spell library contained the following spells:

 Spells                   Type           Power        Failure   Level
 Corona                   Hex            50%          1%          1
 Freeze                   Ice            100%         1%          1
 Ensorcelled Hibernation  Hex/Ice        90%          1%          2
 Confusing Touch          Hex            45%          1%          3
 Dazzling Flash           Conj/Hex       100%         1%          3
 Frozen Ramparts          Ice            90%          1%          3
 Tukima's Dance           Hex            45%          1%          3
 Hailstorm                Conj/Ice       55%          2%          4
 Summon Ice Beast         Ice/Summ       45%          5%          4

Inventory:

Hand Weapons
 a - a +1 scimitar of flaming (weapon)
   (You took it off Maggie on level 7 of the Dungeon)
 b - a +2 hunting sling of freezing
   (You took it off a goblin on level 3 of the Dungeon)
Missiles
 h - 4 throwing nets {=f!f}
 k - 47 poisoned darts
 l - 4 curare-tipped darts {=f}
 p - 52 bolts
 v - 47 sling bullets
 B - 3 atropa-tipped darts
 T - 2 boomerangs
Armour
 n - a +3 leather armour of poison resistance (worn)
   (You took it off an orc on level 7 of the Dungeon)
 r - a +0 helmet (worn)
   (You took it off Robin on level 3 of the Dungeon)
 x - a +0 tower shield
   (You found it on level 9 of the Dungeon)
 y - +0 steam dragon scales
   (You took it off Maggie on level 7 of the Dungeon)
 L - a +0 pair of gloves (worn)
   (You found it on level 5 of the Dungeon)
 P - a +2 cloak of stealth (worn)
   (You took it off Maurice on level 7 of the Dungeon)
 V - a +2 pair of boots of flying (worn)
   (You bought it in a shop on level 8 of the Dungeon)
Jewellery
 g - an uncursed amulet of regeneration
   (You found it on level 4 of the Dungeon)
 C - an amulet of magic regeneration (around neck)
   (You found it on level 4 of the Dungeon)
 F - a ring of protection from fire (left hand)
   (You found it on level 9 of the Dungeon)
 O - a +4 ring of protection
   (You found it on level 2 of the Dungeon)
 R - a ring of resist corrosion (right hand)
   (You found it on level 6 of the Dungeon)
Wands
 I - a wand of flame (18)
   (You found it on level 9 of the Dungeon)
 N - a wand of digging (12)
   (You found it on level 6 of the Dungeon)
Scrolls
 c - a scroll of blinking {!r}
 d - 5 scrolls of remove curse {@r2}
 f - 4 scrolls of enchant armour
 i - 4 scrolls of teleportation {@r4}
 m - 2 scrolls of noise {!r}
 o - 4 scrolls of magic mapping {unknown}
 q - 3 scrolls of fog {unknown}
 s - 2 scrolls of immolation {!r!r}
 t - a scroll of identify {@r1}
 u - 5 scrolls of fear {unknown}
 E - 3 scrolls of enchant weapon
Potions
 e - 4 potions of heal wounds {unknown}
 j - 3 potions of curing {unknown}
 w - a potion of flight {unknown}
 A - 2 potions of lignification {unknown}
 D - 2 potions of haste {unknown}
 H - a potion of ambrosia {unknown}
 J - 6 potions of brilliance {unknown}
 K - 5 potions of might {unknown}
 M - a potion of cancellation {unknown}
 S - 3 potions of degeneration {unknown}
 U - a potion of berserk rage {unknown}
 W - a potion of mutation {unknown}
Miscellaneous
 G - a lightning rod (3/4)
   (You found it on level 4 of the Dungeon)

Dungeon Overview and Level Annotations

Branches:
Dungeon (10/15)            Temple (1/1) D:6            Lair (0/6) D:9
    Orc (0/2) D:10

Altars:
Ashenzari
Cheibriados
Elyvilon
Fedhas
Gozag
Hepliaklqana
Kikubaaqudgha
Makhleb
Nemelex Xobeh
Okawaru
Qazlal
Ru
Sif Muna
Trog
Uskayaw
Vehumet
Wu Jian
Xom
Yredelemnul
Zin
The Shining One

Shops:
D:8 [

Annotations:
D:10 Fannar

#.# #..# #..# #.# #..#
#.# #..# #.# #..# #.#
#..# #.# #..# #.# #..#
#.# #..# #.##########
#.@# ∆
##.##.......###Y†e......
..##...####...##.†......#
......##.)##...##.###...#
....8.')...'.8..#.# #...#
......##..##....### #...#
..##...####......# #...#
...##........##..# #.(.#
...##'##########.##
#...######.#


You could see Fannar (icy armour, corroded) and an ice beast (summoned).


Message History

You melt the ice beast! 😎 MP[-1]
You lost 1 mp, and now have 12/22 mp.
The searing ray hits Fannar but does no damage.
The searing ray hits the yak!
Fannar barely misses you. The ice beast barely misses you.
The ice beast hits you.
The ice beast freezes you! 😕 HP[-12] MP[-1]
You take 12 damage, and now have 69/81 hp.
You lost 1 mp, and now have 11/22 mp.
The searing ray hits Fannar.
The searing ray hits the yak!
You finish channeling your searing ray.
Fannar closely misses you. The ice beast barely misses you.
The ice beast hits you but does no damage.
Casting: Searing Ray (safe; 1% risk of failure)
Confirm with . or Enter, or press ? or * to list all spells.
You erupt in a blast of force!
The mystic blast hits the yak!
The yak is knocked back by the mystic blast.
The yak slams into the rock wall!
The mystic blast hits the yak!
You kill the yak!
Cheibriados appreciates the change of pace.
The mystic blast hits the yak!
You kill the yak!
Cheibriados appreciates the change of pace.
The mystic blast hits the ice beast!
You kill the ice beast!
The mystic blast hits the ice beast!
The ice beast is knocked back by the mystic blast.
The ice beast slams into the rock wall!
The mystic blast hits Fannar!
Fannar is knocked back by the mystic blast.
Fannar slams into the rock wall!
Your Spellcasting skill increases to level 8! 😕 MP[-4]
You lost 4 mp, and now have 7/23 mp.
Casting: Iskenderun's Mystic Blast (dangerous; 2% risk of failure)
Confirm with . or Enter, or press ? or * to list all spells.
Aiming: Searing Ray (safe; 1% risk of failure)
Press: ? - help, Shift-Dir - straight line, f - Fannar, p - yak
Aim: Fannar, wielding a +0 quarterstaff of freezing, wearing a +1 robe of cold resistance and wearing an uncursed ring of ice (heavily wounded, covered in an icy film, 28% to evade)
The searing ray hits Fannar! (Press . to maintain the ray.)
The ice beast hits you but does no damage. 😕 HP[+1] MP[-1]
You lost 1 mp, and now have 6/23 mp.
The searing ray hits Fannar but does no damage.
The yak closely misses you. The ice beast barely misses you.
Fannar misses you. 😕 MP[-1]
You lost 1 mp, and now have 5/23 mp.
The searing ray hits Fannar but does no damage.
The yak completely misses you.
You riposte.
You slash the yak! You burn the yak.
You kill the yak!
Cheibriados appreciates the change of pace.
The ice beast closely misses you.
Fannar gestures wildly while chanting.
Fannar drains the heat from the surrounding environment!
You feel very cold.
Fannar is frozen.
Fannar resists. 😮 HP[-19]
You take 19 damage, and now have 51/81 hp.
MASSIVE DAMAGE!! (PAUSE)
Casting: Searing Ray (safe; 1% risk of failure)
Confirm with . or Enter, or press ? or * to list all spells.
You erupt in a blast of force!
The mystic blast hits the ice beast!!
You kill the ice beast!
The mystic blast hits Fannar but does no damage.
Fannar gestures wildly while chanting. 😮 MP[-4]
You lost 4 mp, and now have 1/23 mp.
You completely miss Fannar. You bite Fannar. Fannar misses you.
The ice beast hits you but does no damage. 😮 HP[+1]
You barely miss Fannar. Fannar completely misses you. The ice beast hits you.
The ice beast freezes you!
* * * LOW HITPOINT WARNING * * *
😨 HP[-19] MP[+1]
You take 19 damage, and now have 33/81 hp.
MASSIVE DAMAGE!! (PAUSE)
Aiming: Corrosive Bolt
Press: ? - help, Shift-Dir - straight line, f/p - Fannar
Aim: Fannar, wielding a +0 quarterstaff of freezing, wearing a +1 robe of cold resistance and wearing an uncursed ring of ice (severely wounded, covered in an icy film, 43% to evade)
The bolt of acid hits Fannar!
Fannar is splashed with acid.
The acid corrodes Fannar!
Fannar hits you with a +0 quarterstaff of freezing.
* * * LOW HITPOINT WARNING * * *
Fannar freezes you.
* * * LOW HITPOINT WARNING * * *
The ice beast hits you.
* * * LOW HITPOINT WARNING * * *
The ice beast freezes you!
* * * LOW HITPOINT WARNING * * *
😱 HP[-16]
You take 16 damage, and now have 17/81 hp.
Aiming: Corrosive Bolt
Press: ? - help, Shift-Dir - straight line, f/p - Fannar
Aim: Fannar, wielding a +0 quarterstaff of freezing, wearing a +1 robe of cold resistance and wearing an uncursed ring of ice (almost dead, covered in an icy film, covered in acid, 43% to evade)
The bolt of acid misses Fannar.
The now-empty wand crumbles to dust.
Fannar mumbles some strange words.
Fannar drains the heat from the surrounding environment!
You feel very cold.
You die...

Skill      XL: |  1  2  3  4  5  6  7  8  9 10 11 |
---------------+----------------------------------+-----
Spellcasting   | 5 6 7 8 |  8.0
Invocations    | 1 2 3 4 5 6 |  6.7
Fighting       | 1 2 3 4 5 6 |  6.1
Short Blades   | 1 2 3 4 5 6 |  6.1
Long Blades    | 1 2 3 4 5 6 |  6.1
Axes           | 1 2 3 4 5 6 |  6.1
Maces & Flails | 1 2 3 4 5 6 |  6.1
Polearms       | 1 2 3 4 5 6 |  6.1
Staves         | 1 2 3 4 5 6 |  6.1
Slings         | 1 2 3 4 5 6 |  6.1
Bows           | 1 2 3 4 5 6 |  6.1
Crossbows      | 1 2 3 4 5 6 |  6.1
Throwing       | 1 2 3 4 5 6 |  6.1
Armour         | 1 2 3 4 5 6 |  6.1
Shields        | 1 2 3 4 5 6 |  6.1
Unarmed Combat | 1 2 3 4 5 6 |  6.1
Evocations     | 1 2 3 4 5 6 |  6.1
Hexes          | 1 2 3 4 5 |  5.0
Summonings     | 1 2 3 4 5 |  5.0
Necromancy     | 1 2 3 4 5 |  5.0
Translocations | 1 2 3 4 5 |  5.0
Transmutations | 1 2 3 4 5 |  5.0
Fire Magic     | 1 2 3 4 5 |  5.0
Ice Magic      | 1 2 3 4 5 |  5.0
Air Magic      | 1 2 3 4 5 |  5.0
Earth Magic    | 1 2 3 4 5 |  5.0
Poison Magic   | 1 2 3 4 5 |  5.0
Dodging        | 5 6 7 |  7.7
Stealth        | 5 6 7 |  7.5
Conjurations   | 8 |  8.8

Action                   |  1- 3 |  4- 6 |  7- 9 | 10-12 || total
-------------------------+-------+-------+-------+-------++-------
Melee: Short sword       |     4 |    21 |    92 |       ||   117
       Bite              |       |     2 |    13 |     6 ||    21
       Punch             |       |       |     3 |     2 ||     5
       Scimitar          |       |       |    24 |    27 ||    51
 Fire: Hunting sling     |       |    19 |   142 |    35 ||   196
 Cast: Magic Dart        |    52 |    79 |    10 |    93 ||   234
       Searing Ray       |     1 |     4 |    16 |    24 ||    45
       Iskenderun's Myst |       |     3 |     1 |     7 ||    11
       Fulminant Prism   |       |       |     3 |       ||     3
       Ozocubu's Armour  |       |       |       |     7 ||     7
Evoke: Lightning rod     |       |       |     1 |     1 ||     2
       Wand              |       |       |     3 |     3 ||     6
  Use: Scroll            |       |       |       |     9 ||     9
 Stab: Sleeping          |     1 |       |       |       ||     1
Armor: Robe              |     3 |     2 |    24 |       ||    29
       Leather armour    |       |       |    30 |    33 ||    63
       Steam dragon scal |       |       |     3 |       ||     3
Dodge: Dodged            |     5 |    17 |   104 |    85 ||   211
       Rpst.: Scimitar   |       |       |     8 |    22 ||    30

Levels and vault maps discovered:
D:1:      noname_arrival_rooms_in_the_neighbourhood, layout_basic,
          amcnicky_mini_rare_corridor_liquid
D:2:      minmay_razor_zed, layout_loops_ring, general_overflow_altar,
          chequers_serial_rivers_micro_e, minmay_misc_feat_more_columns
D:3:      layout_loops_ring, gammafunk_temple_overflow_statue,
          old_standard_altar, bloody_trog, uniq_robin, uniq_crazy_yiuf_cottage
D:4:      minmay_clustersquares, layout_basic, uniq_grinder
D:5:      layout_cave_pods
D:6:      layout_basic, minmay_temple_entry_junction, amcnicky_mini_pool_small,
          nicolae_gozag_seed_capital
D:7:      layout_rooms, chequers_temple_overflow_statue_of_worship,
          lemuel_round_altar, minmay_liquid_box, uniq_maggie
D:8:      layout_rooms, nicolae_overflow_hidden_temple, serial_shops, shop,
          uniq_maurice
D:9:      layout_irregular_city, erik_lair_dragon
D:10:     layout_long_grid, david_orc_1_choice, uniq_erolcha, uniq_fannar,
          uniq_erica
Temple:   eino_narrow_crystal_temple

Notes
Turn   | Place    | Note
-------+----------+-------------------------------------------
     0 | D:1      | phalm the Gnoll Conjurer began the quest for the Orb.
     0 | D:1      | Reached XP level 1. HP: 13/13 MP: 6/6
     0 | D:1      | magus.rc [v1.9.10]
    26 | D:1      | Reached XP level 2. HP: 19/19 MP: 0/7
    29 | D:1      | Learned a level 2 spell: Searing Ray
   533 | D:1      | Reached XP level 3. HP: 25/25 MP: 7/9
   924 | D:2      | Reached skill level 5 in Spellcasting
  1160 | D:2      | Reached skill level 1 in Invocations
  1201 | D:2      | Reached skill level 1 in Fighting
  1201 | D:2      | Reached skill level 1 in Short Blades
  1201 | D:2      | Reached skill level 1 in Long Blades
  1201 | D:2      | Reached skill level 1 in Axes
  1201 | D:2      | Reached skill level 1 in Maces & Flails
  1201 | D:2      | Reached skill level 1 in Polearms
  1201 | D:2      | Reached skill level 1 in Staves
  1201 | D:2      | Reached skill level 1 in Slings
  1201 | D:2      | Reached skill level 1 in Bows
  1201 | D:2      | Reached skill level 1 in Crossbows
  1201 | D:2      | Reached skill level 1 in Throwing
  1201 | D:2      | Reached skill level 1 in Armour
  1201 | D:2      | Reached skill level 1 in Shields
  1201 | D:2      | Reached skill level 1 in Unarmed Combat
  1201 | D:2      | Reached skill level 1 in Evocations
  1393 | D:2      | Reached XP level 4. HP: 32/32 MP: 7/11
  1858 | D:2      | Found a sparkling altar of Nemelex Xobeh.
  1954 | D:2      | Noticed an ogre
  1958 | D:2      | Reached skill level 1 in Hexes
  1958 | D:2      | Reached skill level 1 in Summonings
  1958 | D:2      | Reached skill level 1 in Necromancy
  1958 | D:2      | Reached skill level 1 in Translocations
  1958 | D:2      | Reached skill level 1 in Transmutations
  1958 | D:2      | Reached skill level 1 in Fire Magic
  1958 | D:2      | Reached skill level 1 in Ice Magic
  1958 | D:2      | Reached skill level 1 in Air Magic
  1958 | D:2      | Reached skill level 1 in Earth Magic
  1958 | D:2      | Reached skill level 1 in Poison Magic
  1964 | D:2      | Killed an ogre
  1965 | D:2      | Reached XP level 5. HP: 13/37 MP: 0/12
  1970 | D:2      | Learned a level 4 spell: Iskenderun's Mystic Blast
  1975 | D:2      | Learned a level 4 spell: Fulminant Prism
  2667 | D:3      | Found a bloodstained altar of Trog.
  2689 | D:3      | Noticed Robin
  2694 | D:3      | Killed Robin
  2695 | D:3      | Reached skill level 2 in Invocations
  2695 | D:3      | Reached XP level 6. HP: 39/44 MP: 5/13
  2813 | D:3      | Found a glowing golden altar of the Shining One.
  2814 | D:3      | Found a blossoming altar of Fedhas.
  2865 | D:3      | Found a bloodstained altar of Trog.
  3726 | D:3      | Found a runed translucent door.
  3727 | D:3      | Noticed Crazy Yiuf
  3736 | D:3      | HP: 8/43 [Crazy Yiuf/+3 quarterstaff of chaos (16)]
  3736 | D:3      | HP: 1/43 [Crazy Yiuf/+3 quarterstaff of chaos (7)]
  3737 | D:3      | Killed Crazy Yiuf
  3738 | D:3      | Reached skill level 5 in Dodging
  4062 | D:4      | You pick up a book of Maledictions and begin reading...
  4062 | D:4      | You add the spells Corona, Ensorcelled Hibernation,
                  | Confusing Touch and Tukima's Dance to your library.
  4072 | D:4      | Noticed Grinder
  4074 | D:4      | Paralysed by Grinder for 6 turns
  4087 | D:4      | Killed Grinder
  4088 | D:4      | Reached skill level 2 in Fighting
  4088 | D:4      | Reached skill level 2 in Short Blades
  4088 | D:4      | Reached skill level 2 in Long Blades
  4088 | D:4      | Reached skill level 2 in Axes
  4088 | D:4      | Reached skill level 2 in Maces & Flails
  4088 | D:4      | Reached skill level 2 in Polearms
  4088 | D:4      | Reached skill level 2 in Staves
  4088 | D:4      | Reached skill level 2 in Slings
  4088 | D:4      | Reached skill level 2 in Bows
  4088 | D:4      | Reached skill level 2 in Crossbows
  4088 | D:4      | Reached skill level 2 in Throwing
  4088 | D:4      | Reached skill level 2 in Armour
  4088 | D:4      | Reached skill level 2 in Shields
  4088 | D:4      | Reached skill level 2 in Unarmed Combat
  4088 | D:4      | Reached skill level 2 in Evocations
  4088 | D:4      | Reached XP level 7. HP: 31/50 MP: 3/15
  4369 | D:4      | Reached skill level 2 in Hexes
  4369 | D:4      | Reached skill level 2 in Summonings
  4369 | D:4      | Reached skill level 2 in Necromancy
  4369 | D:4      | Reached skill level 2 in Translocations
  4369 | D:4      | Reached skill level 2 in Transmutations
  4369 | D:4      | Reached skill level 2 in Fire Magic
  4369 | D:4      | Reached skill level 2 in Ice Magic
  4369 | D:4      | Reached skill level 2 in Air Magic
  4369 | D:4      | Reached skill level 2 in Earth Magic
  4369 | D:4      | Reached skill level 2 in Poison Magic
  4957 | D:4      | Reached skill level 5 in Stealth
  5127 | D:5      | Entered Level 5 of the Dungeon
  5136 | D:5      | Reached skill level 3 in Invocations
  5468 | D:5      | Reached XP level 8. HP: 53/57 MP: 8/16
  5744 | D:5      | Reached skill level 3 in Fighting
  5744 | D:5      | Reached skill level 3 in Short Blades
  5744 | D:5      | Reached skill level 3 in Long Blades
  5744 | D:5      | Reached skill level 3 in Axes
  5744 | D:5      | Reached skill level 3 in Maces & Flails
  5744 | D:5      | Reached skill level 3 in Polearms
  5744 | D:5      | Reached skill level 3 in Staves
  5744 | D:5      | Reached skill level 3 in Slings
  5744 | D:5      | Reached skill level 3 in Bows
  5744 | D:5      | Reached skill level 3 in Crossbows
  5744 | D:5      | Reached skill level 3 in Throwing
  5744 | D:5      | Reached skill level 3 in Armour
  5744 | D:5      | Reached skill level 3 in Shields
  5744 | D:5      | Reached skill level 3 in Unarmed Combat
  5744 | D:5      | Reached skill level 3 in Evocations
  6091 | D:6      | Reached skill level 6 in Spellcasting
  6453 | D:6      | You pick up a book of Maledictions and begin reading...
  6730 | D:6      | Reached skill level 4 in Invocations
  6731 | D:6      | Reached skill level 3 in Hexes
  6731 | D:6      | Reached skill level 3 in Summonings
  6731 | D:6      | Reached skill level 3 in Necromancy
  6731 | D:6      | Reached skill level 3 in Translocations
  6731 | D:6      | Reached skill level 3 in Transmutations
  6731 | D:6      | Reached skill level 3 in Fire Magic
  6731 | D:6      | Reached skill level 3 in Ice Magic
  6731 | D:6      | Reached skill level 3 in Air Magic
  6731 | D:6      | Reached skill level 3 in Earth Magic
  6731 | D:6      | Reached skill level 3 in Poison Magic
  6772 | D:6      | Found a staircase to the Ecumenical Temple.
  6781 | Temple   | Entered the Ecumenical Temple
  6992 | Temple   | Became a worshipper of Cheibriados the Contemplative
  7151 | D:6      | Found an opulent altar of Gozag.
  7375 | D:7      | Reached skill level 6 in Dodging
  7418 | D:7      | Noticed Maggie
  7423 | D:7      | Reached XP level 9. HP: 65/65 MP: 18/18
  7425 | D:7      | Killed Maggie
  7426 | D:7      | Reached skill level 4 in Fighting
  7426 | D:7      | Reached skill level 4 in Short Blades
  7426 | D:7      | Reached skill level 4 in Long Blades
  7426 | D:7      | Reached skill level 4 in Axes
  7426 | D:7      | Reached skill level 4 in Maces & Flails
  7426 | D:7      | Reached skill level 4 in Polearms
  7426 | D:7      | Reached skill level 4 in Staves
  7426 | D:7      | Reached skill level 4 in Slings
  7426 | D:7      | Reached skill level 4 in Bows
  7426 | D:7      | Reached skill level 4 in Crossbows
  7426 | D:7      | Reached skill level 4 in Throwing
  7426 | D:7      | Reached skill level 4 in Armour
  7426 | D:7      | Reached skill level 4 in Shields
  7426 | D:7      | Reached skill level 4 in Unarmed Combat
  7426 | D:7      | Reached skill level 4 in Evocations
  7618 | D:7      | Found a shimmering blue altar of Sif Muna.
  7637 | D:7      | Reached skill level 6 in Stealth
  7637 | D:7      | Reached skill level 8 in Conjurations
  7639 | D:7      | Reached * piety under Cheibriados
  7829 | D:7      | Found a burning altar of Makhleb.
  7864 | D:7      | Found an iron altar of Okawaru.
  7929 | D:7      | Reached skill level 5 in Invocations
  8083 | D:8      | Reached ** piety under Cheibriados
  8084 | D:8      | Noticed Maurice
  8159 | D:7      | Killed Maurice
  8160 | D:7      | Reached skill level 7 in Spellcasting
  8160 | D:7      | Reached skill level 4 in Hexes
  8160 | D:7      | Reached skill level 4 in Summonings
  8160 | D:7      | Reached skill level 4 in Necromancy
  8160 | D:7      | Reached skill level 4 in Translocations
  8160 | D:7      | Reached skill level 4 in Transmutations
  8160 | D:7      | Reached skill level 4 in Fire Magic
  8160 | D:7      | Reached skill level 4 in Ice Magic
  8160 | D:7      | Reached skill level 4 in Air Magic
  8160 | D:7      | Reached skill level 4 in Earth Magic
  8160 | D:7      | Reached skill level 4 in Poison Magic
  8160 | D:7      | Reached XP level 10. HP: 71/73 MP: 12/20
  8222 | D:8      | Reached skill level 5 in Fighting
  8222 | D:8      | Reached skill level 5 in Short Blades
  8222 | D:8      | Reached skill level 5 in Long Blades
  8222 | D:8      | Reached skill level 5 in Axes
  8222 | D:8      | Reached skill level 5 in Maces & Flails
  8222 | D:8      | Reached skill level 5 in Polearms
  8222 | D:8      | Reached skill level 5 in Staves
  8222 | D:8      | Reached skill level 5 in Slings
  8222 | D:8      | Reached skill level 5 in Bows
  8222 | D:8      | Reached skill level 5 in Crossbows
  8222 | D:8      | Reached skill level 5 in Throwing
  8222 | D:8      | Reached skill level 5 in Armour
  8222 | D:8      | Reached skill level 5 in Shields
  8222 | D:8      | Reached skill level 5 in Unarmed Combat
  8222 | D:8      | Reached skill level 5 in Evocations
  8378 | D:8      | Found Kiecics's Armour Emporium.
  8386 | D:8      | Bought a +2 pair of boots of flying for 258 gold pieces
  8450 | D:8      | You pick up a book of Frost and begin reading...
  8450 | D:8      | You add the spells Freeze, Frozen Ramparts, Ozocubu's
                  | Armour, Hailstorm and Summon Ice Beast to your library.
  8558 | D:8      | Learned a level 3 spell: Ozocubu's Armour
  9379 | D:9      | Reached skill level 7 in Dodging
  9531 | D:9      | Found a staircase to the Lair.
  9965 | D:10     | Entered Level 10 of the Dungeon
  9979 | D:10     | Reached *** piety under Cheibriados
  9986 | D:10     | Reached skill level 6 in Invocations
 10040 | D:10     | Reached skill level 7 in Stealth
 10160 | D:10     | Found a staircase to the Orcish Mines.
 10322 | D:10     | Noticed Erolcha
 10330 | D:10     | HP: 15/76 [Erolcha/crystal spear (31)]
 10333 | D:10     | Killed Erolcha
 10334 | D:10     | Reached XP level 11. HP: 17/81 MP: 7/22
 10691 | D:10     | Killed an unseen horror
 10691 | D:10     | Noticed Fannar
 10692 | D:10     | Reached skill level 6 in Fighting
 10692 | D:10     | Reached skill level 6 in Short Blades
 10692 | D:10     | Reached skill level 6 in Long Blades
 10692 | D:10     | Reached skill level 6 in Axes
 10692 | D:10     | Reached skill level 6 in Maces & Flails
 10692 | D:10     | Reached skill level 6 in Polearms
 10692 | D:10     | Reached skill level 6 in Staves
 10692 | D:10     | Reached skill level 6 in Slings
 10692 | D:10     | Reached skill level 6 in Bows
 10692 | D:10     | Reached skill level 6 in Crossbows
 10692 | D:10     | Reached skill level 6 in Throwing
 10692 | D:10     | Reached skill level 6 in Armour
 10692 | D:10     | Reached skill level 6 in Shields
 10692 | D:10     | Reached skill level 6 in Unarmed Combat
 10692 | D:10     | Reached skill level 6 in Evocations
 10702 | D:10     | Reached skill level 5 in Hexes
 10702 | D:10     | Reached skill level 5 in Summonings
 10702 | D:10     | Reached skill level 5 in Necromancy
 10702 | D:10     | Reached skill level 5 in Translocations
 10702 | D:10     | Reached skill level 5 in Transmutations
 10702 | D:10     | Reached skill level 5 in Fire Magic
 10702 | D:10     | Reached skill level 5 in Ice Magic
 10702 | D:10     | Reached skill level 5 in Air Magic
 10702 | D:10     | Reached skill level 5 in Earth Magic
 10702 | D:10     | Reached skill level 5 in Poison Magic
 10887 | D:10     | Reached **** piety under Cheibriados
 10893 | D:10     | Reached skill level 8 in Spellcasting
 10899 | D:10     | HP: 17/81 [ice beast[Fannar] (10)]
 10900 | D:10     | Killed from afar by Fannar

Vanquished Creatures
  Erolcha (D:10)
  An unseen horror (D:10)
  Maurice (D:7)
  Maggie (D:7)
  A troll (D:9)
  Grinder (D:4)
  2 wyverns
  8 yaks (D:10)
  2 basilisks (D:9)
  A warg (D:10)
  3 water moccasins
  2 orc warriors (D:10)
  3 black bears
  A necrophage (D:10)
  2 phantoms (D:10)
  A swamp drake (D:9)
  6 ogres
  4 centaurs
  6 bullfrogs
  A wyvern zombie (D:7)
  A wyvern skeleton (D:4)
  3 wights (D:7)
  5 howler monkeys
  A quasit (D:10)
  A bullfrog zombie (D:5)
  2 hounds
  4 jellies
  4 orc priests
  A gnoll shaman (D:8)
  6 orc wizards
  Crazy Yiuf (D:3)
  2 centaur skeletons
  4 iguanas
  4 worker ants
  A killer bee zombie (D:5)
  A hound zombie (D:5)
  Robin (D:3)
  8 gnolls
  A howler monkey skeleton (D:7)
  14 adders
  2 shadow imps
  A white imp (D:7)
  5 ufetubi
  2 adder zombies
  7 worms
  A dart slug (D:1)
  3 leopard geckos
  23 orcs
  2 ball pythons
  13 bats
  5 giant cockroaches
  11 goblins
  9 hobgoblins
  6 jackals
  10 kobolds
  7 quokkas
  8 frilled lizards
  A jackal skeleton (D:8)
  2 leopard gecko skeletons
  A quokka skeleton (D:5)
  8 rats
240 creatures vanquished.

Vanquished Creatures (others)
  3 fulminant prisms
3 creatures vanquished.

Grand Total: 243 creatures vanquished

Table legend:
 A = Non-vault XP
 B = Vault XP
 C = Vault XP percentage of total XP
 D = Non-vault monster count
 E = Vault monster count
 F = Vault count percentage of total count
                 A         B        C        D         E       F
            +---------+---------+-------+---------+---------+-------
      Total |    7916 |    3723 |  32.0 |     197 |      43 |  17.9
            +---------+---------+-------+---------+---------+-------
        D:1 |      35 |       0 |   0.0 |      21 |       0 |   0.0
        D:2 |     101 |     154 |  60.4 |      22 |      11 |  33.3
        D:3 |      72 |      65 |  47.4 |      23 |       8 |  25.8
        D:4 |     205 |     394 |  65.8 |       8 |       8 |  50.0
        D:5 |     337 |       0 |   0.0 |      14 |       0 |   0.0
        D:6 |     847 |       0 |   0.0 |      23 |       0 |   0.0
        D:7 |    1442 |     900 |  38.4 |      30 |       2 |   6.2
        D:8 |     896 |       0 |   0.0 |      21 |       0 |   0.0
        D:9 |     473 |     713 |  60.1 |       7 |       4 |  36.4
       D:10 |    3508 |    1497 |  29.9 |      28 |      10 |  26.3
            +---------+---------+-------+---------+---------+-------

Illustrated notes

Table legend:
 A = Kills in this place as a percentage of kills in entire the game.
 B = Kills by you in this place as a percentage of kills by you in the entire game.
 C = Kills by friends in this place as a percentage of kills by friends in the entire game.
 D = Other kills in this place as a percentage of other kills in the entire game.
 E = Experience gained in this place as a percentage of experience gained in the entire game.
 F = Experience gained in this place divided by the number of levels of this place that you have seen.
                   A       B       C       D       E      F
               +-------+-------+-------+-------+-------+----------------------
         Total | 100.0 | 100.0 |   N/A |   N/A | 100.0 | 1058.1
       Dungeon | 100.0 | 100.0 |   N/A |   N/A | 100.0 | 1163.9
               +-------+-------+-------+-------+-------+----------------------

Table legend: (Time is in decaauts)
 A = Elapsed time spent in this place.
 B = Non-inter-level travel time spent in this place.
 C = Inter-level travel time spent in this place.
 D = Time resting spent in this place.
 E = Time spent auto-exploring this place.
 F = Levels seen in this place.
 G = Mean time per level.
                   A        B        C        D        E       F      G
               +--------+--------+--------+--------+--------+-----+--------+
         Total |  11910 |  11457 |    453 |      0 |  10130 |  11 | 1082.7 |
       Dungeon |  11679 |  11273 |    406 |      0 |   9947 |  10 | 1167.9 |
        Temple |    230 |    184 |     46 |      0 |    183 |   1 |  230.0 |
               +--------+--------+--------+--------+--------+-----+--------+

Top non-repeatable levels by time:
     D:2: 1685 daAuts
     D:9: 1454 daAuts
     D:3: 1442 daAuts
     D:6: 1200 daAuts
    D:10: 1111 daAuts
     D:4: 1057 daAuts
     D:8: 993 daAuts
     D:7: 950 daAuts
     D:1: 918 daAuts
     D:5: 865 daAuts
  Temple: 230 daAuts
